AoeStats
← NotGG

Oasis

509944023Analyzed
4v4 RM · 5d ago on Sep 28, 2026· 37m 31s· 8 players
Game mode
Random Map
Map size
Large (8 player)
Population
200
Speed
Normal
Resources
Standard
Victory
Conquest
Starting age
Dark Age
Ending age
Imperial Age
RankedLock teamsTeams togetherTeam positionsShared explorationLock speedFull tech treeHidden civsTurbo modeCheats
Victory
Defeat
🇩🇪 Wei · Germany
1236
+14
🇩🇪 Saxons · Germany
1235
+14
🇩🇪 Khmer · Germany
1201
+16
🇩🇪 Italians · Germany
1162
+18
🇦🇷 Georgians · Argentina
1236
-17
🇮🇹 Britons · Italy
1223
-17
🇨🇦 Cumans · Canada
1184
-15
🇨🇿 Saxons · Czechia
1135
-13
unclesam613
6:51 Loom
9:36 Feudal Age
10:05 Double-Bit Axe
10:01 Horse Collar
Jumbo2_22
7:01 Loom
9:57 Feudal Age
10:18 Man-at-Arms
14:18 Double-Bit Axe
15:52 Horse Collar
21:52 Castle Age
20:57 Forging
21:30 Arson
21:57 Scale Mail Armor
23:52 Squires
23:37 Gambesons
23:12 Long Swordsman
27:01 Wheelbarrow
32:03 Hand Cart
32:36 Iron Casting
32:31 Chain Mail Armor
32:24 Gold Mining
36:27 Imperial Age
36:51 Bow Saw
36:44 Heavy Plow
36:58 Capped Ram
38:14 Plate Mail Armor
huliqi91
7:25 Loom
9:46 Feudal Age
13:53 Double-Bit Axe
15:54 Fletching
16:33 Horse Collar
23:11 Castle Age
22:01 Padded Archer Armor
23:32 Gold Mining
25:43 Bodkin Arrow
26:35 Wheelbarrow
25:45 Crossbowman
27:04 Leather Archer Armor
27:47 Bow Saw
31:05 Gold Shaft Mining
30:20 Stone Mining
36:18 Imperial Age
NotGG
6:34 Loom
8:45 Feudal Age
9:26 Double-Bit Axe
9:32 Gold Mining
21:52 Castle Age
20:34 Bloodlines
20:30 Horse Collar
20:55 Fletching
21:24 Town Watch
21:48 Padded Archer Armor
22:37 Bodkin Arrow
25:27 Leather Archer Armor
31:14 Imperial Age
30:49 Stone Mining
31:12 Bow Saw
33:43 Parthian Tactics
34:33 Elite Skirmisher
35:12 Treadmill Crane
36:22 Bracer
Lord Muflon
11:28 Feudal Age
17:04 Castle Age
14:56 Double-Bit Axe
14:57 Horse Collar
17:15 Wheelbarrow
16:33 Stone Mining
16:36 Gold Mining
17:56 Bow Saw
18:04 Heavy Plow
22:35 Hand Cart
22:09 Loom
26:33 Scale Barding Armor
26:39 Town Watch
27:01 Fletching
27:22 Forging
29:06 Bloodlines
28:57 Husbandry
32:08 Imperial Age
30:38 Chain Barding Armor
30:54 Iron Casting
30:54 Masonry
30:27 Treadmill Crane
31:37 Tuntian
31:35 Bodkin Arrow
32:17 Ballistics
32:57 Elite Tiger Cavalry
33:46 Bracer
34:48 Blast Furnace
34:55 Crop Rotation
34:59 Ming Guang Armor
35:15 Conscription
D4s 3nd3
8:36 Loom
10:33 Feudal Age
16:10 Castle Age
14:27 Double-Bit Axe
14:25 Horse Collar
26:34 Heavy Plow
28:09 Bow Saw
30:34 Elite Skirmisher
30:57 Crossbowman
35:14 Stone Mining
35:38 Gold Mining
37:33 Squires
max.knieriemen
8:01 Loom
10:58 Feudal Age
13:27 Double-Bit Axe
18:17 Castle Age
16:55 Stone Mining
18:01 Fletching
18:11 Padded Archer Armor
26:46 Ballistics
27:58 Stone Shaft Mining
28:27 Bow Saw
28:20 Gold Mining
31:10 Wheelbarrow
31:05 Horse Collar
32:28 Heavy Plow
33:22 Hand Cart
34:42 Leather Archer Armor
38:48 Imperial Age
Bombie der Zombie
10:36 Feudal Age
11:43 Loom
19:14 Castle Age
21:43 Double-Bit Axe
25:06 Wheelbarrow
35:44 Imperial Age
36:01 Gold Mining
36:56 Conscription
Connection lost

Rejoining the realm…

Still unreachable

The connection could not be restored.

Session expired

The server has moved on; the page needs a fresh start.